 Dungeon Crawl Stone Soup version 0.28.0-45-g0d030f2227 (webtiles) character file.

Game seed: 8245906515478207333

4981 Ablot the Slicer (level 10, -5/82 HPs)
             Began as a Gnoll Chaos Knight on Apr 20, 2022.
             Was a Plaything of Xom.
             Slain by a slime creature (16 damage)
             ... on level 9 of the Dungeon.
             The game lasted 00:23:29 (11623 turns).

Ablot the Slicer (Gnoll Chaos Knight)              Turns: 11623, Time: 00:23:31

Health: -5/82      AC:  9    Str: 14    XL:     10   Next: 53%
Magic:  17/18      EV: 15    Int: 17    God:    Xom [.*....]
Gold:   51         SH:  7    Dex: 17    Spells: 11/19 levels left

rFire   x . .      SeeInvis +   a - +0 short sword (chaos)
rCold   . . .      Faith    .   E - +1 buckler "Ykerif" {rElec rF+}
rNeg    + . .      Spirit   .   b - +2 leather armour
rPois   .          Reflect  .   f - +0 hat
rElec   +          Harm     .   H - +0 cloak
rCorr   .          Rampage  .   (no gloves)
Will    +++..      Rnd*Tele +   (no boots)
Stlth   +++.......              K - amulet of magic regeneration
HPRegen 0.23/turn               k - ring "Faulum" {rF- rN+ Will+ SInv}
MPRegen 0.56/turn               U - ring "Ysagit" {rElec rF- Will++ Int+3 Dex+6}

@: very slightly contaminated, slowed, very slow
A: fangs 1, strong nose, distributed training, horns 1, iridescent scales 1,
deterioration 2, teleportitis 1, wild magic 2, sturdy frame 1
a: Renounce Religion


You were on level 9 of the Dungeon.
You worshipped Xom.
You were a plaything of Xom.
You visited 1 branch of the dungeon, and saw 9 of its levels.
You also visited: Bailey.

You collected 605 gold pieces.
You spent 554 gold pieces at shops.

Inventory:

Hand Weapons
 a - a +0 short sword of chaos (weapon)
 h - the +3 whip "Plog" {freeze, rElec rPois Dex+2 Stlth+}
   (You bought it in a shop on level 6 of the Dungeon)

   It freezes those it strikes, dealing additional cold damage.
   It can also slow down cold-blooded creatures.
   Dex:       It affects your dexterity (+2).
   rElec:     It insulates you from electricity.
   rPois:     It protects you from poison.
   Stlth:     It makes you more stealthy.
 m - a +4 trident
 T - the +8 glaive of the Guard {elec, spectral, AC+5}
   (You found it in a bailey)

   It occasionally discharges a powerful burst of electricity upon striking a
   foe.
   When it strikes, its spirit leaps out and fights alongside the wielder.
   AC:        It affects your AC (+5).
Missiles
 c - 8 javelins (quivered)
 i - 273 stones
 o - 26 bolts
 r - 61 sling bullets
 y - 32 poisoned darts
 J - 33 arrows
 M - 12 boomerangs
 N - 2 boomerangs of chaos
Armour
 b - a +2 leather armour (worn)
 f - a +0 hat (worn)
 E - the +1 buckler "Ykerif" (worn) {rElec rF+}
   (You found it on level 5 of the Dungeon)

   rF:        It protects you from fire.
   rElec:     It insulates you from electricity.
 H - a +0 cloak (worn)
 S - a +0 helmet
 X - a +0 robe of positive energy
Jewellery
 d - a ring of positive energy
 k - the ring "Faulum" (left hand) {rF- rN+ Will+ SInv}
   (You bought it in a shop on level 9 of the Dungeon)

   [ring of see invisible]

   rF:        It makes you vulnerable to fire.
   rN:        It protects you from negative energy.
   SInv:      It lets you see invisible.
   Will:      It increases your willpower.
 C - a +6 ring of strength
 K - an amulet of magic regeneration (around neck)
 U - the ring "Ysagit" (right hand) {rElec rF- Will++ Int+3 Dex+6}
   (You found it in a bailey)

   [ring of dexterity]

   Int:       It affects your intelligence (+3).
   Dex:       It affects your dexterity (+6).
   rF:        It makes you vulnerable to fire.
   rElec:     It insulates you from electricity.
   Will:      It greatly increases your willpower.
 W - a ring of fire
Wands
 p - a wand of flame (35)
 u - a wand of digging (5)
 F - a wand of paralysis (12)
 L - a wand of iceblast (10)
 Y - a wand of acid (14)
Scrolls
 e - a scroll of amnesia
 n - a scroll of blinking {unknown}
 q - 7 scrolls of teleportation
 s - 3 scrolls of fog
 t - a scroll of torment {unknown}
 D - a scroll of immolation {unknown}
 G - 2 scrolls of enchant weapon {unknown}
 Q - 4 scrolls of fear
 R - 2 scrolls of summoning {unknown}
 Z - a scroll of silence {unknown}
Potions
 g - 2 potions of haste
 j - 3 potions of ambrosia
 l - 3 potions of heal wounds
 v - a potion of mutation
 w - 3 potions of attraction
 x - a potion of lignification {unknown}
 z - a potion of berserk rage
 A - 2 potions of might
 B - a potion of flight {unknown}
 I - 2 potions of curing
 O - a potion of magic {unknown}
 P - a potion of experience {unknown}
 V - 2 potions of brilliance


   Skills:
 + Level 8.5 Fighting
 + Level 8.5 Short Blades
 + Level 5.3 Long Blades
 + Level 5.3 Axes
 + Level 5.3 Maces & Flails
 + Level 5.3 Polearms
 + Level 5.3 Staves
 + Level 5.3 Slings
 + Level 5.3 Bows
 + Level 5.3 Crossbows
 + Level 5.3 Throwing
 + Level 7.1 Armour
 + Level 6.0 Dodging
 + Level 5.3 Stealth
 + Level 5.3 Shields
 + Level 5.3 Unarmed Combat
 + Level 5.3 Spellcasting
 + Level 4.4 Conjurations
 + Level 4.4 Hexes
 + Level 4.4 Summonings
 + Level 4.4 Necromancy
 + Level 4.4 Translocations
 + Level 4.4 Transmutations
 + Level 4.4 Fire Magic
 + Level 4.4 Ice Magic
 + Level 4.4 Air Magic
 + Level 4.4 Earth Magic
 + Level 4.4 Poison Magic
 + Level 5.9 Invocations
 + Level 5.3 Evocations


You had 11 spell levels left.
You knew the following spells:

 Your Spells              Type           Power      Damage    Failure   Level
a - Apportation           Tloc           62%        N/A       9%          1
b - Animate Skeleton      Necr           62%        N/A       9%          1
c - Corpse Rot            Necr/Air       62%        N/A       11%         2
d - Confusing Touch       Hex            31%        N/A       19%         3
e - Slow                  Hex            100%       N/A       9%          1

Your spell library contained the following spells:

 Spells                   Type           Power      Damage    Failure   Level
 Summon Small Mammal      Summ           100%       N/A       9%          1
 Conjure Flame            Conj/Fire      31%        6-21      19%         3
 Gell's Gravitas          Tloc           31%        N/A       19%         3
 Teleport Other           Tloc           31%        N/A       19%         3
 Tukima's Dance           Hex            31%        N/A       19%         3
 Dispel Undead            Necr           31%        3d14      45%         4
 Sticky Flame             Conj/Fire      31%        2d5       45%         4
 Yara's Violent Unravell  Hex/Tmut       15%        3d8       78%         5
 Death Channel            Necr           15%        N/A       99%         6
 Dispersal                Tloc           15%        N/A       99%         6
 Enfeeble                 Hex            15%        N/A       100%        7


Dungeon Overview and Level Annotations

Branches:
Dungeon (9/15)             Temple (0/1) D:5            Lair (0/6) D:8
 Bailey (visited)
    Orc: D:9-12

Altars:
Cheibriados
Fedhas
Kikubaaqudgha
Xom

Shops:
D:6 (   D:8 =   D:9 =:


Innate Abilities, Weirdness & Mutations

You have very sharp teeth.
Your uncanny sense of smell can sniff out nearby items.
Your experience applies equally to all skills.
You have a pair of small horns on your head.
You are partially covered in iridescent scales. (AC +2)
Your body often deteriorates upon taking damage.
You are occasionally teleported next to monsters.
Your spells are harder to cast, but more powerful.
Your movements are slightly less encumbered by armour. (ER -2)


Message History

You hit the slime creature but do no damage.
The slime creature appears confused.
You headbutt the slime creature.
The slime creature is lightly wounded.
The slime creature barely misses you. You block the slime creature's attack.
The slime creature hits you but does no damage.
Unknown command.
You hit the slime creature.
You headbutt the slime creature, but do no damage.
The slime creature is lightly wounded.
The slime creature hits you. The slime creature hits you!
The slime creature hits you. You block the slime creature's attack.
You hit the slime creature. You headbutt the slime creature.
The slime creature is moderately wounded.
The slime creature closely misses you.
The slime creature hits you but does no damage.
The slime creature hits you.
You hit the slime creature.
The slime creature seems to slow down.
The slime creature is moderately wounded.
The slime creature hits you!
* * * LOW HITPOINT WARNING * * *
The slime creature hits itself!!
The slime creature hits you.
* * * LOW HITPOINT WARNING * * *
You block the slime creature's attack. The slime creature hits you!
* * * LOW HITPOINT WARNING * * *
You puncture the slime creature!
You feel better.
You bite the slime creature, but do no damage.
The slime creature is lightly wounded.
Xom smirks.
You feel aware of your surroundings.
You sensed 2 altars.
The slime creature hits you.
* * * LOW HITPOINT WARNING * * *
The slime creature hits you but does no damage.
You block the slime creature's attack.
You hit the slime creature.
You bite the slime creature, but do no damage.
The slime creature is lightly wounded.
The slime creature is no longer moving slowly.
The slime creature hits you!
You die...
Xom roars with laughter!

#.##..# # #.##.## *#### .##
###.##.## ##...## ..##
#...##..###.....## ...#
#.#.###.##......(# ...#
#...##..##..!....#
...###.∩.##.###.......## ** *
** .................J......, ,
, ,
...#############@J...##**,,,,,
...### #J(J.....#,, , ,,,,
.....# #........., , ,**
..##.# * #........., * ,***
.## ...* ##......#.,*, ,* ## *
#..# ##...#.#*,* *** #.#* **
** .....#* ,,**** .#,
,,,,,...###*** ,,, ,* * ***
,,,,**** **,,* ,,** *,


You could see 4 slime creatures.

Vanquished Creatures
  A faun (shapeshifter) (D:8)
  Prince Ribbit (D:5)
  A yak (D:8)
  Edmund (D:4)
  An orc warrior (D:8)
  A sky beast (D:6)
  An ice beast (D:7)
  A black bear (D:4)
  A hornet zombie (D:6)
  2 phantoms
  2 kobold brigands
  2 bullfrogs
  A water moccasin zombie (D:5)
  5 scorpions
  Dowan (D:5)
  2 water moccasin skeletons
  4 killer bees (D:8)
  5 wights
  3 jellies
  4 hounds
  A bullfrog skeleton (D:7)
  2 orc priests
  An iron imp (D:8)
  Natasha (thrice) (D:2)
  Terence (D:2)
  2 iguanas
  4 orc wizards
  A hound skeleton (D:4)
  A howler monkey zombie (D:9)
  4 gnolls
  7 adders
  3 howler monkey skeletons
  4 white imps
  2 ufetubi
  A worm (D:2)
  19 orcs
  6 bats
  5 endoplasms
  A giant cockroach (D:1)
  19 goblins
  12 hobgoblins
  2 jackals (D:1)
  15 kobolds
  A quokka (D:1)
  8 ball pythons
  11 frilled lizards
  4 rats
180 creatures vanquished.

Vanquished Creatures (collateral kills)
  An orc warlord (Bailey)
  An orc knight (Bailey)
  2 orc warriors (Bailey)
  A scorpion (D:4)
  A killer bee zombie (D:8)
  A gnoll (Bailey)
  3 orcs
  A goblin (Bailey)
  4 kobolds
15 creatures vanquished.

Vanquished Creatures (others)
  Duvessa (D:5)
  A hobgoblin (D:2)
  3 plants (D:1)
5 creatures vanquished.

Grand Total: 200 creatures vanquished

Notes
Turn   | Place    | Note
-------+----------+-------------------------------------------
     0 | D:1      | Ablot the Gnoll Chaos Knight began the quest for the Orb.
     0 | D:1      | Reached XP level 1. HP: 23/23 MP: 1/1
    53 | D:1      | Reached XP level 2. HP: 19/29 MP: 2/2
    56 | D:1      | XOM: silly message
   296 | D:1      | XOM: scenery: create altars
   342 | D:1      | XOM: give mutations
   342 | D:1      | Gained mutation: You are robust. (+10% HP) [Xom's grace]
   342 | D:1      | Gained mutation: Your movements are slightly less
                  | encumbered by armour. (ER -2) [Xom's grace]
   483 | D:1      | XOM: give mutations
   483 | D:1      | Lost mutation: You are robust. (+10% HP) [Xom's mischief]
   483 | D:1      | Gained mutation: Your body sometimes deteriorates upon
                  | taking damage. [Xom's mischief]
   483 | D:1      | Gained mutation: You occasionally shout uncontrollably at
                  | your foes. [Xom's mischief]
   581 | D:1      | Reached XP level 3. HP: 33/35 MP: 3/3
  1034 | D:2      | Reached skill level 1 in Invocations
  1041 | D:2      | Noticed Terence
  1050 | D:2      | XOM: 1-stop teleportation journey
  1061 | D:2      | Killed Terence
  1062 | D:2      | Reached skill level 1 in Long Blades
  1062 | D:2      | Reached skill level 1 in Axes
  1062 | D:2      | Reached skill level 1 in Maces & Flails
  1062 | D:2      | Reached skill level 1 in Polearms
  1062 | D:2      | Reached skill level 1 in Staves
  1062 | D:2      | Reached skill level 1 in Slings
  1062 | D:2      | Reached skill level 1 in Bows
  1062 | D:2      | Reached skill level 1 in Crossbows
  1062 | D:2      | Reached skill level 1 in Throwing
  1062 | D:2      | Reached skill level 1 in Stealth
  1062 | D:2      | Reached skill level 1 in Shields
  1062 | D:2      | Reached skill level 1 in Unarmed Combat
  1062 | D:2      | Reached skill level 1 in Spellcasting
  1062 | D:2      | Reached skill level 1 in Evocations
  1062 | D:2      | Reached XP level 4. HP: 33/41 MP: 5/5
  1379 | D:2      | Reached skill level 1 in Conjurations
  1379 | D:2      | Reached skill level 1 in Hexes
  1379 | D:2      | Reached skill level 1 in Summonings
  1379 | D:2      | Reached skill level 1 in Necromancy
  1379 | D:2      | Reached skill level 1 in Translocations
  1379 | D:2      | Reached skill level 1 in Transmutations
  1379 | D:2      | Reached skill level 1 in Fire Magic
  1379 | D:2      | Reached skill level 1 in Ice Magic
  1379 | D:2      | Reached skill level 1 in Air Magic
  1379 | D:2      | Reached skill level 1 in Earth Magic
  1379 | D:2      | Reached skill level 1 in Poison Magic
  1480 | D:2      | XOM: give mutations
  1480 | D:2      | Gained mutation: You expend magic power (3 MP) to
                  | strengthen your wands. [Xom's grace]
  1480 | D:2      | Gained mutation: You have a somewhat thin skeletal
                  | structure. (Dex +2, Stealth+) [Xom's grace]
  1949 | D:2      | Noticed Natasha
  1960 | D:2      | XOM: fake destruction
  1963 | D:2      | Killed Natasha
  1964 | D:2      | Reached XP level 5. HP: 46/47 MP: 5/7
  2042 | D:2      | Found a faded altar of an unknown god.
  2121 | D:2      | XOM: 2-stop teleportation journey
  2411 | D:2      | Noticed Natasha
  2417 | D:2      | Killed Natasha
  2443 | D:2      | Noticed Natasha
  2459 | D:2      | Killed Natasha
  2463 | D:2      | XOM: give mutations
  2463 | D:2      | Gained mutation: You are partially covered in iridescent
                  | scales. (AC +2) [Xom's grace]
  2463 | D:2      | Gained mutation: Your spells are a little harder to cast,
                  | but a little more powerful. [Xom's grace]
  2546 | D:3      | XOM: silly message
  3122 | D:3      | XOM: god gift: 39 gold pieces
  3216 | D:3      | XOM: confuse monster(s)
  3221 | D:3      | Reached XP level 6. HP: 53/53 MP: 8/8
  3329 | D:4      | Reached skill level 5 in Armour
  3607 | D:4      | Noticed Edmund
  3644 | D:4      | XOM: fog
  3750 | D:4      | XOM: enchant monster (good)
  3786 | D:4      | Reached XP level 7. HP: 59/59 MP: 10/10
  3834 | D:4      | Killed Edmund
  4088 | D:4      | You fall into a shaft and drop 2 floors!
  4353 | D:6      | XOM: give mutations
  4353 | D:6      | Gained mutation: Your spells are harder to cast, but more
                  | powerful. [Xom's grace]
  4353 | D:6      | Gained mutation: You are mostly covered in iridescent
                  | scales. (AC +4) [Xom's grace]
  4353 | D:6      | Gained mutation: You have a pair of small horns on your
                  | head. [Xom's grace]
  4535 | D:6      | Reached XP level 8. HP: 42/67 MP: 12/12
  4665 | D:6      | XOM: polymorph gnoll sergeant -> hound
  4735 | D:6      | HP: 2/67 [poisoned by a scorpion]
  5071 | D:5      | Entered Level 5 of the Dungeon
  5073 | D:5      | Found a staircase to the Ecumenical Temple.
  5163 | D:5      | Noticed Duvessa
  5164 | D:5      | Noticed Dowan
  6234 | D:5      | XOM: divine lightning
  6243 | D:5      | XOM: give mutations
  6243 | D:5      | Gained mutation: You are agile. (Dex +2) [Xom's grace]
  6243 | D:5      | Gained mutation: You have a pair of horns on your head.
                  | [Xom's grace]
  6243 | D:5      | Gained mutation: You are somewhat resistant to further
                  | mutation. [Xom's grace]
  6260 | D:5      | Killed Duvessa
  6270 | D:5      | Killed Dowan
  6474 | D:5      | Noticed Prince Ribbit
  6482 | D:5      | XOM: destruction
  6489 | D:5      | Killed Prince Ribbit
  6509 | D:5      | Identified the +2 short sword "Newtslayer" {vamp, *Rage
                  | +Blink Str+7 Dex-2}
  6943 | D:5      | Found a blossoming altar of Fedhas.
  7013 | D:5      | Identified the +1 buckler "Ykerif" {rElec rF+}
  7634 | D:6      | Reached XP level 9. HP: 67/72 MP: 14/14
  7637 | D:6      | XOM: summons 2 hostile demons
  7794 | D:6      | Found Kiuf Lun's Antique Weapon Boutique.
  7801 | D:6      | Bought a smoking whip for 232 gold pieces
  7801 | D:6      | Identified the +3 whip "Plog" {freeze, rElec rPois Dex+2
                  | Stlth+} (You bought it in a shop on level 6 of the Dungeon)
  7965 | D:6      | XOM: torment (42/73 hp)
  8348 | D:6      | XOM: give mutations
  8348 | D:6      | Lost mutation: You occasionally shout uncontrollably at
                  | your foes. [Xom's mischief]
  8348 | D:6      | Lost mutation: You have a pair of horns on your head.
                  | [Xom's mischief]
  8348 | D:6      | Lost mutation: Your body sometimes deteriorates upon taking
                  | damage. [Xom's mischief]
  8348 | D:6      | Lost mutation: You have a somewhat thin skeletal structure.
                  | (Dex +2, Stealth+) [Xom's mischief]
  8379 | D:7      | Found an ancient bone altar of Kikubaaqudgha.
  8395 | D:7      | Learned a level 1 spell: Apportation
  8397 | D:7      | Learned a level 1 spell: Animate Skeleton
  8400 | D:7      | Learned a level 2 spell: Corpse Rot
  8434 | D:7      | Found a flagged portal.
  8462 | Bailey   | Entered a bailey
  8467 | Bailey   | Noticed an orc warlord
  8467 | Bailey   | Found the +8 glaive of the Guard {elec, spectral, AC+5}
  8482 | Bailey   | XOM: give mutations
  8482 | Bailey   | Lost mutation: You are agile. (Dex +2) [Xom's mischief]
  8482 | Bailey   | Gained mutation: You are occasionally teleported next to
                  | monsters. [Xom's mischief]
  8482 | Bailey   | Gained mutation: Your body sometimes deteriorates upon
                  | taking damage. [Xom's mischief]
  8570 | Bailey   | Found a runed translucent gate.
  8570 | Bailey   | Found a runed translucent gate.
  8570 | Bailey   | Found a runed translucent gate.
  8576 | Bailey   | Noticed an orc knight
  8584 | Bailey   | Killed an orc knight
  8585 | Bailey   | Reached skill level 5 in Dodging
  8597 | Bailey   | Killed an orc warlord
  8598 | Bailey   | Reached skill level 5 in Invocations
  8598 | Bailey   | Reached XP level 10. HP: 20/80 MP: 15/17
  8612 | Bailey   | XOM: 3-stop teleportation journey
  8686 | Bailey   | XOM: chaos upgrade
  8961 | Bailey   | Identified the ring "Ysagit" {rElec rF- Will++ Int+3 Dex+6}
  8969 | Bailey   | Learned a level 3 spell: Confusing Touch
  9081 | D:7      | XOM: noise
  9084 | D:7      | XOM: scenery: 1 doors open
  9089 | D:7      | XOM: give mutations
  9089 | D:7      | Lost mutation: You are somewhat resistant to further
                  | mutation. [Xom's mischief]
  9089 | D:7      | Lost mutation: You expend magic power (3 MP) to strengthen
                  | your wands. [Xom's mischief]
  9089 | D:7      | Lost mutation: You are mostly covered in iridescent scales.
                  | (AC +4) [Xom's mischief]
  9225 | D:7      | Reached skill level 5 in Long Blades
  9225 | D:7      | Reached skill level 5 in Axes
  9225 | D:7      | Reached skill level 5 in Maces & Flails
  9225 | D:7      | Reached skill level 5 in Polearms
  9225 | D:7      | Reached skill level 5 in Staves
  9225 | D:7      | Reached skill level 5 in Slings
  9225 | D:7      | Reached skill level 5 in Bows
  9225 | D:7      | Reached skill level 5 in Crossbows
  9225 | D:7      | Reached skill level 5 in Throwing
  9225 | D:7      | Reached skill level 5 in Stealth
  9225 | D:7      | Reached skill level 5 in Shields
  9225 | D:7      | Reached skill level 5 in Unarmed Combat
  9225 | D:7      | Reached skill level 5 in Spellcasting
  9225 | D:7      | Reached skill level 5 in Evocations
  9596 | D:7      | XOM: 1-stop teleportation journey
  9815 | D:7      | XOM: summons 2 hostile demons
  9941 | D:7      | XOM: summons 5 hostile demons
 10443 | D:8      | XOM: smoke on damage
 10481 | D:8      | XOM: give mutation
 10481 | D:8      | Gained mutation: Your body often deteriorates upon taking
                  | damage. [Xom's mischief]
 10503 | D:8      | XOM: 1-stop teleportation journey
 10567 | D:8      | Found a staircase to the Lair.
 10618 | D:8      | XOM: 5-stop teleportation journey
 10829 | D:8      | XOM: confusion
 10848 | D:8      | XOM: swap monsters
 10853 | D:8      | XOM: enchant monster (good)
 10952 | D:8      | Acquired the Volume of Enthralling Fire
 10956 | D:8      | Learned a level 1 spell: Slow
 10993 | D:8      | XOM: god gift: wand of flame (10)
 11068 | D:8      | Found Kaabe's Jewellery Shoppe.
 11087 | D:8      | Noticed a glowing shapeshifter
 11087 | D:8      | a steam dragon changed into a glowing shapeshifter
 11087 | D:8      | XOM: polymorph steam dragon -> glowing shapeshifter
 11087 | D:8      | Noticed a faun
 11087 | D:8      | a glowing shapeshifter changed into a faun
 11089 | D:8      | Noticed an eye of devastation
 11089 | D:8      | a faun changed into an eye of devastation
 11091 | D:8      | Noticed a faun
 11091 | D:8      | an eye of devastation changed into a faun
 11093 | D:8      | Killed a faun
 11188 | D:8      | Found a snail-covered altar of Cheibriados.
 11480 | D:9      | Found Fyzoll Utui's Jewellery Shoppe.
 11513 | D:9      | Bought the ring "Faulum" {rF- rN+ Will+ SInv} for 322 gold
                  | pieces
 11554 | D:9      | Found Zylef's Book Emporium.
 11622 | D:9      | XOM: divination: magic mapping
 11623 | D:9      | Slain by a slime creature

Illustrated notes

Levels and vault maps discovered:
D:1:      dpeg_arrival_tiny_a, layout_rooms, minmay_lizard_king
D:2:      cheibrodos_greedy_goblins, layout_basic,
          hellmonk_ecumenical_altar_leap_of_faith, uniq_terence, uniq_natasha
D:3:      layout_basic
D:4:      layout_layer_cave, uniq_edmund
D:5:      layout_basic, lemuel_coloured_pillars_altar, temple_fountains,
          uniq_prince_ribbit1, uniq_duvessa
D:6:      nicolae_cairo_tiling_large_dashed, layout_basic, serial_shops, shop
D:7:      layout_gridville, kiku_gazebo_garden_becter, enter_bailey_3,
          minmay_misc_feat_diagonals
D:8:      layout_loops_ring, slow_altar_2, lair_entry_dummy, serial_shops,
          nicolae_shop_statue_plus, minmay_diced_spiral
D:9:      layout_rooms, mainiacjoe_overflow_swirl, serial_shops, shop,
          nicolae_shop_stone, shop, nicolae_shop_behind_doors,
          nicolae_shop_temple_entry_statues_fountains

Skill      XL: |  1  2  3  4  5  6  7  8  9 10 |
---------------+-------------------------------+-----
Invocations    | 1 2 3 4 5 |  5.9
Long Blades    | 1 2 3 4 5 |  5.3
Axes           | 1 2 3 4 5 |  5.3
Maces & Flails | 1 2 3 4 5 |  5.3
Polearms       | 1 2 3 4 5 |  5.3
Staves         | 1 2 3 4 5 |  5.3
Slings         | 1 2 3 4 5 |  5.3
Bows           | 1 2 3 4 5 |  5.3
Crossbows      | 1 2 3 4 5 |  5.3
Throwing       | 1 2 3 4 5 |  5.3
Stealth        | 1 2 3 4 5 |  5.3
Shields        | 1 2 3 4 5 |  5.3
Unarmed Combat | 1 2 3 4 5 |  5.3
Spellcasting   | 1 2 3 4 5 |  5.3
Evocations     | 1 2 3 4 5 |  5.3
Conjurations   | 1 2 3 4 |  4.4
Hexes          | 1 2 3 4 |  4.4
Summonings     | 1 2 3 4 |  4.4
Necromancy     | 1 2 3 4 |  4.4
Translocations | 1 2 3 4 |  4.4
Transmutations | 1 2 3 4 |  4.4
Fire Magic     | 1 2 3 4 |  4.4
Ice Magic      | 1 2 3 4 |  4.4
Air Magic      | 1 2 3 4 |  4.4
Earth Magic    | 1 2 3 4 |  4.4
Poison Magic   | 1 2 3 4 |  4.4
Dodging        | 3 4 5 6 |  6.0
Armour         | 5 6 7 |  7.1
Fighting       | 7 8 |  8.5
Short Blades   | 7 8 |  8.5

Action                   |  1- 3 |  4- 6 |  7- 9 | 10-12 || total
-------------------------+-------+-------+-------+-------++-------
Melee: Short sword       |   110 |   155 |   338 |   228 ||   831
       Bite              |     8 |    12 |    38 |    28 ||    86
       Punch             |     1 |       |     4 |       ||     5
       Headbutt          |       |       |    57 |    59 ||   116
       Whip              |       |       |       |    18 ||    18
Throw: Javelin           |       |     3 |       |     3 ||     6
       Dart              |       |       |     4 |       ||     4
 Cast: Confusing Touch   |       |       |       |     1 ||     1
  Use: Scroll            |       |       |    10 |     4 ||    14
       Potion            |       |       |     2 |     1 ||     3
 Stab: Sleeping          |       |     8 |     9 |     3 ||    20
       Confused          |       |     1 |       |     1 ||     2
       Paralysed         |       |       |       |     1 ||     1
Armor: Leather armour    |    47 |    43 |   115 |    70 ||   275
Dodge: Dodged            |    71 |    68 |   137 |   108 ||   384
Block: Buckler           |       |       |    23 |    74 ||    97
